 Dungeon Crawl Stone Soup version 0.28.0-45-g0d030f2227 (webtiles) character file.

Game seed: 15408844976906568854

564 pkoi the Insei (level 6, -4/51 HPs)
             Began as a Demigod Gladiator on Apr 25, 2022.
             Slain by a two-headed ogre
             ... wielding a +0 giant spiked club
              (20 damage)
             ... on level 5 of the Dungeon.
             The game lasted 00:09:04 (7201 turns).

pkoi the Insei (Demigod Gladiator)                  Turns: 7201, Time: 00:09:05

Health: -4/51      AC:  6    Str: 15    XL:     6   Next: 84%
Magic:  11/11      EV: 12    Int: 18    God:
Gold:   300        SH:  0    Dex: 15    Spells: 2/8 levels left

rFire   . . .      SeeInvis .     - Unarmed
rCold   . . .      Faith    .   (no shield)
rNeg    . . .      Spirit   .   r - +0 leather armour
rPois   .          Reflect  .   l - +0 helmet
rElec   .          Harm     .   e - +0 cloak
rCorr   .          Rampage  .   (no gloves)
Will    .....                   u - +0 pair of boots
Stlth   ++........              p - amulet of magic regeneration
HPRegen 0.17/turn               m - ring of wizardry
MPRegen 0.52/turn               (no ring)

@: no status effects
A: high MP 1, forlorn, divine attributes
a: no special abilities


You were on level 5 of the Dungeon.
You visited 1 branch of the dungeon, and saw 5 of its levels.

You collected 300 gold pieces.

Inventory:

Hand Weapons
 b - a +4 dagger
 i - a +0 dagger
 j - a +0 whip
 t - a +2 whip of venom
Missiles
 c - 3 throwing nets (quivered)
 q - 2 poisoned darts
Armour
 e - a +0 cloak (worn)
 f - a +0 ring mail
 l - a +0 helmet (worn)
 r - a +0 leather armour (worn)
 u - a +0 pair of boots (worn)
Magical Staves
 k - a staff of earth
 s - a staff of poison
Jewellery
 m - a ring of wizardry (left hand)
 p - an amulet of magic regeneration (around neck)
Wands
 x - a wand of paralysis (5)
Scrolls
 a - 2 scrolls of identify
 d - a scroll of summoning
 h - 2 scrolls of brand weapon {unknown}
 n - a scroll of amnesia
 o - a scroll of silence
Potions
 g - a potion of curing
 v - a potion of attraction {unknown}
 w - a potion of brilliance {unknown}


   Skills:
 - Level 3.0 Fighting
 - Level 1.7 Throwing
 - Level 2.6 Dodging
 + Level 2.0 Stealth
 + Level 5.2 Unarmed Combat
 + Level 1.8 Spellcasting
 + Level 2.0 Summonings
 + Level 1.2 Air Magic
 + Level 1.4 Poison Magic


You had 2 spell levels left.
You knew the following spells:

 Your Spells              Type           Power      Damage    Failure   Level
a - Summon Small Mammal   Summ           32%        N/A       4%          1
b - Poisonous Vapours     Pois/Air       12%        N/A       9%          2
c - Call Canine Familiar  Summ           8%         N/A       12%         3

Your spell library contained the following spells:

 Spells                   Type           Power      Damage    Failure   Level
 Corpse Rot               Necr/Air       6%         N/A       11%         2
 Summon Guardian Golem    Hex/Summ       5%         N/A       17%         3


Dungeon Overview and Level Annotations

Branches:
Dungeon (5/15)
 Temple: D:4-7

Annotations:
D:2 Terence
D:4 2 transporters, NinjaNoafa's ghost, weakling DrCj


Innate Abilities, Weirdness & Mutations

You have an increased reservoir of magic. (+10% MP)
You shall have no god before yourself.
Your divine heritage dramatically boosts your attributes as you level up.


Message History

Poisonous vapours surround the two-headed ogre!
The two-headed ogre looks even sicker.
Unknown command.
You barely miss the two-headed ogre.
The two-headed ogre is heavily wounded.
The two-headed ogre barely misses you. The two-headed ogre closely misses you.
Unknown command.
Casting: Poisonous Vapours (safe; 9% risk of failure)
Confirm with . or Enter, or press ? or * to list all spells.
Unknown command.
Your hound barely misses the two-headed ogre.
The two-headed ogre hits your hound with a +0 giant spiked club!
The two-headed ogre hits your hound with a +0 giant club!
Your hound dies!
Your hound's corpse disappears in a puff of smoke!
Casting: Call Canine Familiar (dangerous; 12% risk of failure)
Confirm with . or Enter, or press ? or * to list all spells.
Unknown command.
You swap places.
The two-headed ogre looks more healthy.
Your hound bites the two-headed ogre but does no damage.
You barely miss the two-headed ogre.
The two-headed ogre is severely wounded.
Your hound barely misses the two-headed ogre.
The two-headed ogre hits you with a +0 giant spiked club!!
* * * LOW HITPOINT WARNING * * *
The two-headed ogre hits you with a +0 giant club!
* * * LOW HITPOINT WARNING * * *
Your hound bites the two-headed ogre.
Your hound barely misses the two-headed ogre.
You hit the two-headed ogre.
The two-headed ogre is severely wounded.
Your hound bites the two-headed ogre.
The two-headed ogre hits your hound with a +0 giant spiked club!!
Your hound dies!
Your hound's corpse disappears in a puff of smoke!
The two-headed ogre shouts in stereo!
You open the door.
There is an open door here.
The two-headed ogre hits you with a +0 giant spiked club!!
You die...

#.# #................
#.###..............#
#.......#..<.......####
#######.##.............
#.##.............
#..+.............
#..#.............
##########................
#.......O@....###.#.#.....
##.....##........#.# ####
#.....##....#####.#
#.....'...........#
##....#####.####### #....#
#.#...# ###### #.#.#.#
#.#.#.# #########.#.#.#


You could see a two-headed ogre.

Vanquished Creatures
  2 ogres (D:4)
  A centaur zombie (D:5)
  A gnoll shaman (D:4)
  A bullfrog skeleton (D:5)
  A centaur skeleton (D:4)
  Robin (D:2)
  7 adders
  4 gnolls
  2 adder skeletons (D:4)
  4 dart slugs
  14 orcs
  11 bats
  6 endoplasms
  4 giant cockroaches
  12 goblins
  10 hobgoblins
  4 jackals (D:2)
  4 quokkas
  8 ball pythons
  5 frilled lizards
  10 kobolds
  3 rats
115 creatures vanquished.

Vanquished Creatures (collateral kills)
  An orc wizard (D:3)
1 creature vanquished.

Grand Total: 116 creatures vanquished

Notes
Turn   | Place    | Note
-------+----------+-------------------------------------------
     0 | D:1      | pkoi the Demigod Gladiator began the quest for the Orb.
     0 | D:1      | Reached XP level 1. HP: 17/17 MP: 3/3
   114 | D:1      | Reached skill level 3 in Unarmed Combat
   208 | D:1      | Reached XP level 2. HP: 24/24 MP: 4/4
  1192 | D:2      | Reached XP level 3. HP: 29/29 MP: 5/5
  1285 | D:2      | Reached skill level 4 in Unarmed Combat
  1463 | D:2      | Noticed Terence
  1796 | D:2      | Reached XP level 4. HP: 23/36 MP: 6/6
  1799 | D:2      | Noticed Robin
  2013 | D:2      | Killed Robin
  2107 | D:2      | Learned a level 1 spell: Summon Small Mammal
  3590 | D:3      | Reached XP level 5. HP: 42/42 MP: 8/8
  4073 | D:3      | Reached skill level 1 in Summonings
  4379 | D:3      | Reached skill level 1 in Spellcasting
  4629 | D:4      | Learned a level 2 spell: Poisonous Vapours
  4630 | D:4      | Noticed an ogre
  4689 | D:4      | Found a transporter.
  4692 | D:4      | Noticed NinjaNoafa's ghost (weakling DrCj)
  5020 | D:4      | Found a transporter.
  5189 | D:4      | Reached skill level 1 in Stealth
  5451 | D:4      | Killed an ogre
  5452 | D:4      | Reached skill level 5 in Unarmed Combat
  5452 | D:4      | Reached XP level 6. HP: 25/50 MP: 10/10
  5609 | D:4      | Learned a level 3 spell: Call Canine Familiar
  5871 | D:4      | Reached skill level 1 in Poison Magic
  6424 | D:5      | Entered Level 5 of the Dungeon
  6441 | D:4      | Reached skill level 1 in Air Magic
  7148 | D:5      | Noticed a two-headed ogre
  7201 | D:5      | Slain by a two-headed ogre

Illustrated notes

Levels and vault maps discovered:
D:1:      dpeg_arrival_tiny_i, layout_basic,
          shapermc_ecumenical_altar_starsandcircs
D:2:      layout_loops_ring, minmay_pentomino_p2, uniq_terence, uniq_robin
D:3:      layout_basic, nicolae_tso_carved_into_rock
D:4:      layout_loops_cross, lemuel_tele_altar, gammafunk_ghost_mausoleum
D:5:      layout_basic, minmay_temple_entry_junction, minmay_holes

Skill      XL: |  1  2  3  4  5  6 |
---------------+-------------------+-----
Unarmed Combat | 3 4 5 |  5.2
Fighting       | 2 3 |  3.0
Summonings     | 1 2 |  2.0
Spellcasting   | 1 |  1.8
Stealth        | 1 2 |  2.0
Poison Magic   | 1 |  1.4
Air Magic      | 1 |  1.2
Throwing       | |  1.7
Dodging        | |  2.6

Action                   |  1- 3 |  4- 6 || total
-------------------------+-------+-------++-------
Melee: Unarmed           |   174 |   219 ||   393
       Punch             |     2 |     8 ||    10
       Dagger            |       |    29 ||    29
       Whip              |       |    45 ||    45
 Cast: Summon Small Mamm |       |     8 ||     8
       Poisonous Vapours |       |    11 ||    11
       Call Canine Famil |       |     2 ||     2
  Use: Scroll            |     2 |     3 ||     5
       Potion            |     1 |     1 ||     2
 Stab: Sleeping          |       |     1 ||     1
Armor: Leather armour    |    13 |    55 ||    68
       Ring mail         |    72 |    40 ||   112
Dodge: Dodged            |   122 |   184 ||   306
